 Dungeon Crawl Stone Soup version 0.22-a0-782-g038298e (webtiles) character file.

7 Mgcat the Chopper (level 1, 0/25 HPs)
             Began as a Vampire Berserker on July 20, 2018.
             Was a Follower of Trog.
             Slain by a goblin
             ... wielding a +0 whip
              (4 damage)
             ... on level 1 of the Dungeon.
             The game lasted 00:00:32 (86 turns).

Mgcat the Chopper (Vampire Berserker)                 Turns: 86, Time: 00:00:33

Health: 0/25       AC:  2    Str: 21    XL:     1   Next: 83%
Magic:  1/1        EV: 12    Int:  9    God:    Trog [*.....]
Gold:   8          SH:  0    Dex: 13    Spells: 0/0 levels left

rFire    . . .     SeeInvis +   a - +0 hand axe
rCold    . . .     Gourm    .   (no shield)
rNeg     + . .     Faith    .   b - +0 animal skin
rPois    .         Spirit   .   (no helmet)
rElec    .         Reflect  .   (no cloak)
rCorr    .         Harm     .   (no gloves)
MR       .....                  (no boots)
Stlth    ..........             (no amulet)
HPRegen  0.08/turn              (no ring)
MPRegen  0.07/turn              (no ring)

@: berserking, very quick
A: fangs 3, see invisible, unbreathing
a: Berserk, Renounce Religion


You were on level 1 of the Dungeon.
You worshipped Trog.
Trog was aware of your devotion.
You were not thirsty.

You visited 1 branch of the dungeon, and saw 1 of its levels.

You collected 8 gold pieces.

Inventory:

Hand Weapons
 a - a +0 hand axe (weapon)
Armour
 b - a +0 animal skin (worn)
Scrolls
 e - a scroll of remove curse {unknown}
Potions
 c - 4 potions of blood {@q1}
 d - a potion of flight {unknown}


   Skills:
 * Level 2.8 Fighting
 * Level 2.8 Axes
 * Level 1.7 Armour
 * Level 2.3 Dodging


You couldn't memorise any spells.
You didn't know any spells.
Your spell library was empty.

Dungeon Overview and Level Annotations

Branches:
Dungeon (1/15)

Altars:


Innate Abilities, Weirdness & Mutations

You have razor-sharp teeth.
You have supernaturally acute eyesight. (SInv)
You can survive without breathing.


Message History

A rat comes into view.
A rat is nearby!
The rat closely misses you.
You hit the rat. Your bite misses the rat.
The rat is moderately wounded.
The rat barely misses you.
You hit the rat.
You kill the rat!
Trog accepts your kill.
No target in view!
No target in view!
You bottle the corpse's blood.
c - 2 potions of blood {@q1} (gained 1)
A bat comes into view.
A bat is nearby!
The bat hits you. The bat misses you.
You hit the bat but do no damage. The bat hits you but does no damage.
The bat hits you.
You hit the bat.
You kill the bat!
Trog accepts your kill.
No target in view!
No target in view!
You bottle the corpse's blood.
c - 3 potions of blood {@q1} (gained 1)
e - a scroll labeled HUBBYSAJOF A bat comes into view.
A bat is nearby!
A leopard gecko comes into view.
The leopard gecko hisses angrily.
The leopard gecko completely misses you.
The bat hits you.
You hit the leopard gecko.
The leopard gecko is heavily wounded.
You closely miss the bat. The bat barely misses you. The bat misses you.
The leopard gecko bites you but does no damage.
You hit the leopard gecko.
You kill the leopard gecko!
Trog accepts your kill. The bat barely misses you. The bat hits you.
The bat barely misses you.
You miss the bat. The bat hits you. The bat barely misses you.
The bat hits you but does no damage.
You hit the bat.
You kill the bat!
Trog accepts your kill.
No target in view!
No target in view!
You bottle the corpse's blood.
You can't pick that up.
Things that are here:
a potion of blood; a bat skeleton
c - 4 potions of blood {@q1} (gained 1)
You see here a bat skeleton.
You now have 8 gold pieces.
A hobgoblin comes into view.
A hobgoblin comes into view. It is wielding a club.
The hobgoblin shouts!
You hear a shout!
The hobgoblin closely misses you.
You hit the hobgoblin. You bite the hobgoblin.
The hobgoblin is almost dead.
The hobgoblin misses you.
You hit the hobgoblin.
You kill the hobgoblin!
Trog accepts your kill.
You hit the hobgoblin. Your bite misses the hobgoblin.
The hobgoblin is lightly wounded.
A goblin comes into view. It is wielding a whip.
The hobgoblin hits you with a club.
You are too injured to fight recklessly!
You are too injured to fight recklessly!
You are too injured to fight recklessly!
You are too injured to fight recklessly!
You are too injured to fight recklessly!
You are too injured to fight recklessly!
You closely miss the hobgoblin.
The hobgoblin is lightly wounded.
The hobgoblin hits you with a club.
You hit the hobgoblin but do no damage.
The hobgoblin is lightly wounded.
The hobgoblin hits you with a club.
You hit the hobgoblin.
The hobgoblin is heavily wounded.
The hobgoblin closely misses you.
You completely miss the hobgoblin.
The hobgoblin is moderately wounded.
The hobgoblin barely misses you. The goblin hits you with a whip.
* * * LOW HITPOINT WARNING * * *
A red film seems to cover your vision as you go berserk!
You feel yourself moving faster!
You feel mighty!
You feel a lot more thirsty. The hobgoblin barely misses you.
You slash the hobgoblin!
You kill the hobgoblin!
Trog accepts your kill. The goblin barely misses you.
You see here a club.
You miss the goblin. The goblin hits you with a whip.
You die...

#####≈≈## #...'≈..#
#.>.#≈..###### ###
#.<.#≈≈......# ##.##
#...#≈..####.# ##...#
#####≈..####.##### .....
≈≈≈≈≈≈≈..........#####...#
≈###≈≈≈.###...............
#≈≈≈.g@.......######.##
#≈≈≈.######.#.### #.#
≈#+#≈...# #.#...####÷#
≈≈≈≈....# #.#........#
...≈≈.!.# #.#.#.######
.......†# #.#.#.#
####.##.# #.#.#.# #. #.#
#.#.# # #. #[. #.#


You could see a goblin.

Vanquished Creatures
  A leopard gecko (D:1)
  2 hobgoblins (D:1)
  2 bats (D:1)
  A rat (D:1)
6 creatures vanquished.

Notes
Turn   | Place    | Note
-------+----------+-------------------------------------------
     0 | D:1      | Mgcat the Vampire Berserker began the quest for the Orb.
     0 | D:1      | Reached XP level 1. HP: 17/17 MP: 1/1
    77 | D:1      | HP: 3/17 [goblin/whip (4)]
    86 | D:1      | Slain by a goblin

Vault maps used:
D:1:      minmay_arrival_floating_metal, doesnt_xom_only_xom

Action                   || total
-------------------------++-------
Melee: Hand axe          ||    17
       Bite              ||     1
Invok: Berserk           ||     1
Armor: Animal skin       ||     3
Dodge: Dodged            ||    15

Table legend:
 A = Spawn XP
 B = Non-spawn XP
 C = Spawn XP percentage of total XP
 D = Spawn monster count
 E = Non-spawn monster count
 F = Spawn count percentage of total count
 G = Total turns spent on level
                    A         B        C        D         E        F      G
               +---------+---------+-------+---------+---------+-------+---------
         Total |       0 |      10 |   0.0 |       0 |       6 |   0.0 |    86
               +---------+---------+-------+---------+---------+-------+---------
           D:1 |       0 |      10 |   0.0 |       0 |       6 |   0.0 |    86
               +---------+---------+-------+---------+---------+-------+---------

Vault maps used:
D:1:      minmay_arrival_floating_metal, doesnt_xom_only_xom

Table legend:
 A = Turns spent in this place as a percentage of turns spent in the entire game.
 B = Non-inter-level travel turns spent in this place as a percentage of non-inter-level travel turns spent in the entire game.
 C = Inter-level travel turns spent in this place as a percentage of turns spent in this place.
 D = Turns resting spent in this place as a percentage of non-inter-level travel turns spent in this place.
 E = Turns spent auto-exploring this place as a percentage of non-inter-level travel turns spent in this place.
 F = Non-inter-level travel turns spent in this place divided by the number of levels of this place that you've seen.
                   A       B       C       D       E      F
               +-------+-------+-------+-------+-------+----------------------
         Total | 100.0 | 100.0 |   0.0 |   0.0 |  46.5 |  86.0
       Dungeon | 100.0 | 100.0 |   0.0 |   0.0 |  46.5 |  86.0
               +-------+-------+-------+-------+-------+----------------------

Table legend:
 A = Kills in this place as a percentage of kills in entire the game.
 B = Kills by you in this place as a percentage of kills by you in the entire game.
 C = Kills by friends in this place as a percentage of kills by friends in the entire game.
 D = Other kills in this place as a percentage of other kills in the entire game.
 E = Experience gained in this place as a percentage of experience gained in the entire game.
 F = Experience gained in this place divided by the number of levels of this place that you have seen.
                   A       B       C       D       E      F
               +-------+-------+-------+-------+-------+----------------------
         Total | 100.0 | 100.0 |   N/A |   N/A | 100.0 |  10.0
       Dungeon | 100.0 | 100.0 |   N/A |   N/A | 100.0 |  10.0
               +-------+-------+-------+-------+-------+----------------------
